 Dungeon Crawl Stone Soup version 0.21-a0-498-g1b60429 (webtiles) character file.

6314 nikopol the Thaumaturge (level 10, 0/51 HPs)
             Began as a Deep Elf Fire Elementalist on Nov 22, 2017.
             Was a Priest of Vehumet.
             Slain by Snorg (1 damage)
             ... on level 10 of the Dungeon on Nov 24, 2017.
             The game lasted 00:40:33 (9988 turns).

nikopol the Thaumaturge (DEFE)                      Turns: 9988, Time: 00:40:33

Health: 0/51       AC:  6    Str:  5    XL:     10   Next: 64%
Magic:  28/28      EV: 14    Int: 24    God:    Vehumet [***...]
Gold:   591        SH:  0    Dex: 15    Spells: 21/34 levels left

rFire    . . .     SeeInvis .   k - staff of energy
rCold    + . .     Gourm    .   (no shield)
rNeg     . . .     Faith    .   a - +0 robe
rPois    .         Spirit   .   h - +1 hat
rElec    .         Reflect  .   (no cloak)
rCorr    +         Harm     .   u - +1 pair of gloves
MR       +....                  D - +0 pair of boots
Stlth    +++.......             H - amulet of magic regeneration
HPRegen  0.17/turn              G - ring of protection from cold
MPRegen  0.46/turn              w - ring of resist corrosion

@: hasted, very quick
A: no striking features
a: Renounce Religion


You were on level 10 of the Dungeon.
You worshipped Vehumet.
Vehumet was most pleased with you.
You were not hungry.

You visited 1 branch of the dungeon, and saw 10 of its levels.

You collected 591 gold pieces.

Inventory:

Hand Weapons
 A - a +1 short sword of speed
Armour
 a - a +0 robe (worn)
 h - a +1 hat (worn)
 u - a +1 pair of gloves (worn)
 D - a +0 pair of boots (worn)
Magical Staves
 k - an uncursed staff of energy (weapon)
Jewellery
 w - a ring of resist corrosion (right hand)
 G - a ring of protection from cold (left hand)
 H - an amulet of magic regeneration (around neck)
Wands
 t - a wand of enslavement (8)
 E - a wand of acid (4)
Scrolls
 d - 5 scrolls of identify
 i - 7 scrolls of enchant armour
 j - a scroll of enchant weapon
 q - 3 scrolls of fear {unknown}
 y - 5 scrolls of teleportation
 B - a scroll of remove curse
 C - a scroll of fog {unknown}
Potions
 e - 2 potions of invisibility {unknown}
 f - 6 potions of heal wounds
 l - 8 potions of curing
 m - a potion of berserk rage
 o - 2 potions of flight
 r - a potion of degeneration
 s - 2 potions of haste
 x - 3 potions of cancellation
Books
 b - a book of Flames

   Spells                             Type                      Level
   a - Flame Tongue                   Conjuration/Fire             1
   b - Throw Flame                    Conjuration/Fire             2
   c - Conjure Flame                  Conjuration/Fire             3
   d - Inner Flame                    Hexes/Fire                   3
   e - Sticky Flame                   Conjuration/Fire             4
   f - Fireball                       Conjuration/Fire             5
Comestibles
 c - 11 bread rations
 g - 4 meat rations
 n - 5 fruits
 v - 2 royal jellies


   Skills:
 + Level 0.8 Fighting
 + Level 0.8 Short Blades
 + Level 4.5 Dodging
 + Level 4.7 Stealth
 + Level 12.5 Spellcasting
 + Level 9.1 Conjurations
 + Level 9.9 Fire Magic
 + Level 1.3 Ice Magic
 + Level 1.6 Poison Magic


You had 21 spell levels left.
You knew the following spells:

 Your Spells              Type           Power        Failure   Level  Hunger
a - Flame Tongue          Conj/Fire      #####        1%          1    None
b - Throw Flame           Conj/Fire      ######       1%          2    None
c - Conjure Flame         Conj/Fire      ######..     1%          3    None
d - Fireball              Conj/Fire      ######....   1%          5    None
e - Sting                 Conj/Pois      ####         1%          1    None
f - Freeze                Ice            ###.         1%          1    None


Dungeon Overview and Level Annotations

Branches:
Dungeon (10/15)            Temple (0/1) D:5            Lair (0/6) D:9
    Orc: D:9-12

Altars:
Cheibriados
Dithmenos
Elyvilon
Fedhas
Okawaru
Trog
Uskayaw
Vehumet
Xom
The Shining One

Shops:
D:5 %

Annotations:
D:10 Snorg


Message History

Aiming: Flame Tongue
Press: ? - help, Shift-Dir - straight line, f/p - troll
Aim: a troll (almost dead)
The flame tongue hits the troll.
You kill the troll!
Vehumet accepts your kill.
You feel your power returning.
You start resting.
Magic restored.
You now have 591 gold pieces (gained 9).
Snorg the Insatiable comes into view.
Snorg shouts!
Snorg bites you but does no damage. Snorg claws you. x2
Snorg goes berserk!
Snorg bites you! Snorg claws you! Snorg claws you but does no damage.
Okay, then.
You feel yourself speed up. Snorg barely misses you. Snorg claws you!!
* * * LOW HITPOINT WARNING * * *
Snorg claws you.
You die...

#..##......# #.#
####..##.#.##.# #.#
.........#.##.###.#
##........^.......#
##...#######.#####
##.## #.# #.#
#.#### #.# #....#
##'## ####@#
##...## #T#
##.....## ###.#
#.......# ##.#.#
.........# #....#
.........+.......#
..[......##.#...##
#.......### ##.##
##.....## ##


You could see Snorg (berserk).

Vanquished Creatures
  A two-headed ogre (D:8)
  The ghost of Laiders the Grappler, a novice TrMo of Ru (D:8)
  A komodo dragon (D:9)
  A troll (D:10)
  Grinder (D:6)
  A spriggan (D:7)
  Eustachio (D:5)
  A wyvern (D:8)
  A hungry ghost (D:8)
  Edmund (D:6)
  Menkaure (D:4)
  Duvessa (D:5)
  3 orc warriors
  4 phantoms
  2 necrophages (D:8)
  2 ice beasts (D:7)
  3 ogres (D:8)
  A centaur (D:6)
  Blork the orc (D:4)
  A big kobold (D:9)
  A gnoll sergeant (D:7)
  4 bullfrogs
  Dowan (D:5)
  A water moccasin zombie (D:6)
  2 scorpions
  A howler monkey (D:5)
  6 wights
  3 vampire bats (D:8)
  3 crimson imps
  A bullfrog zombie (D:5)
  5 hounds
  A quasit (D:9)
  3 orc priests
  A jelly (D:6)
  6 orc wizards
  Terence (D:2)
  6 worker ants
  A hound zombie (D:6)
  2 worker ant zombies
  14 adders
  12 gnolls
  A howler monkey skeleton (D:7)
  A shadow imp (D:5)
  An ooze (D:4)
  An adder zombie (D:5)
  A worm (D:3)
  2 dart slugs
  3 leopard geckos
  31 orcs
  2 ball pythons
  3 giant cockroaches
  7 goblins
  5 hobgoblins
  4 jackals (D:5)
  2 quokkas
  11 bats
  3 frilled lizards
  15 kobolds
  A leopard gecko skeleton (D:8)
  A leopard gecko zombie (D:7)
  A quokka zombie (D:7)
  7 rats
207 creatures vanquished.

Vanquished Creatures (others)
  2 plants (D:9)
2 creatures vanquished.

Grand Total: 209 creatures vanquished

Notes
Turn   | Place    | Note
-------+----------+-------------------------------------------
     0 | D:1      | nikopol the Deep Elf Fire Elementalist began the quest for the Orb.
     0 | D:1      | Reached XP level 1. HP: 10/10 MP: 6/6
    52 | D:1      | Reached XP level 2. HP: 14/15 MP: 2/8
    61 | D:1      | Learned a level 2 spell: Throw Flame
   545 | D:2      | Noticed a hand axe
   547 | D:2      | Found a hide-covered altar of Uskayaw.
   547 | D:2      | Noticed a hand axe
   580 | D:2      | Reached XP level 3. HP: 19/19 MP: 7/10
   916 | D:1      | Learned a level 3 spell: Conjure Flame
  1027 | D:2      | Noticed Terence
  1234 | D:2      | Reached skill level 4 in Spellcasting
  1288 | D:2      | Reached XP level 4. HP: 23/24 MP: 4/12
  1362 | D:2      | Reached skill level 5 in Spellcasting
  1362 | D:2      | Reached XP level 5. HP: 28/28 MP: 0/14
  1369 | D:2      | Learned a level 5 spell: Fireball
  1544 | D:2      | Found a shadowy altar of Dithmenos.
  1594 | D:2      | Killed Terence
  2221 | D:3      | Reached XP level 6. HP: 32/32 MP: 12/15
  2376 | D:3      | Found a white marble altar of Elyvilon.
  2376 | D:3      | Found a radiant altar of Vehumet.
  2377 | D:3      | Found a blossoming altar of Fedhas.
  2385 | D:3      | Became a worshipper of Vehumet
  2766 | D:3      | Reached skill level 5 in Fire Magic
  3151 | D:4      | Reached skill level 6 in Spellcasting
  3193 | D:5      | Entered Level 5 of the Dungeon
  3455 | D:4      | Reached XP level 7. HP: 34/36 MP: 14/18
  3548 | D:4      | Noticed Blork the orc
  3588 | D:4      | Killed Blork the orc
  3685 | D:4      | Reached * piety under Vehumet
  3685 | D:4      | Offered knowledge of Sting by Vehumet.
  3696 | D:4      | Noticed Menkaure
  3702 | D:4      | Killed Menkaure
  3934 | D:4      | Learned a level 1 spell: Sting
  4119 | D:5      | Reached skill level 7 in Spellcasting
  4179 | D:5      | Found a snail-covered altar of Cheibriados.
  4191 | D:5      | Upgraded the game from 0.21-a0-476-gd103f4b to 0.21-a0-498-g1b60429
  4247 | D:5      | Found Votoxtu's Food Shop.
  4329 | D:5      | Found a staircase to the Ecumenical Temple.
  4386 | D:5      | Found a shimmering altar of Xom.
  4679 | D:5      | Noticed Eustachio
  4685 | D:5      | Killed Eustachio
  4685 | D:5      | Reached skill level 5 in Conjurations
  4685 | D:5      | Reached skill level 1 in Poison Magic
  4757 | D:5      | Noticed Duvessa
  4762 | D:5      | Noticed Dowan
  4762 | D:5      | Killed Duvessa
  4762 | D:5      | Reached XP level 8. HP: 41/41 MP: 11/21
  4766 | D:5      | Killed Dowan
  4916 | D:5      | Reached skill level 8 in Spellcasting
  5460 | D:6      | Found an iron altar of Okawaru.
  5466 | D:6      | Reached skill level 9 in Spellcasting
  5733 | D:6      | Found a glowing golden altar of the Shining One.
  5753 | D:6      | Noticed Edmund
  5765 | D:6      | Killed Edmund
  5789 | D:6      | Noticed Grinder
  5798 | D:6      | Paralysed by Grinder for 2 turns
  5804 | D:6      | Killed Grinder
  5923 | D:6      | Reached XP level 9. HP: 39/46 MP: 12/24
  5967 | D:6      | Identified a scroll of acquirement
  6234 | D:7      | Reached ** piety under Vehumet
  6234 | D:7      | Offered knowledge of Freeze by Vehumet.
  6525 | D:7      | Learned a level 1 spell: Freeze
  6545 | D:7      | Reached skill level 10 in Spellcasting
  6545 | D:7      | Reached skill level 1 in Ice Magic
  7139 | D:7      | Offered knowledge of Static Discharge by Vehumet.
  7494 | D:7      | Found a bloodstained altar of Trog.
  7538 | D:7      | Reached skill level 11 in Spellcasting
  7755 | D:8      | Reached *** piety under Vehumet
  7863 | D:8      | Reached XP level 10. HP: 46/51 MP: 3/27
  7898 | D:8      | Noticed Laiders's ghost (novice TrMo)
  8090 | D:8      | Killed Laiders's ghost
  8564 | D:8      | Offered knowledge of Olgreb's Toxic Radiance by Vehumet.
  8696 | D:8      | Noticed a two-headed ogre
  8696 | D:8      | Killed a two-headed ogre
  8696 | D:8      | Reached skill level 12 in Spellcasting
  9123 | D:9      | Found a staircase to the Lair.
  9797 | D:10     | Entered Level 10 of the Dungeon
  9982 | D:10     | Noticed Snorg
  9988 | D:10     | HP: 1/51 [Snorg (19)]
  9988 | D:10     | Slain by Snorg

Vault maps used:
D:1:      mrwooster_arrival_statue_2
D:2:      dancing_weapons_uskayaw, hangedman_decor_slide_cut, grunt_decor_cap,
          grunt_dithmenos_smoke_and_mirrors, uniq_terence
D:3:      gammafunk_temple_overflow_claw, st_stairs_12
D:4:      uniq_menkaure, uniq_blork_the_orc
D:5:      lemuel_doored_altar, nicolae_overflow_crystal_walls,
          minmay_temple_entry_fiery, first_bread, serial_shops,
          nicolae_shop_behind_doors, uniq_eustachio, uniq_duvessa
D:6:      lemuel_round_altar, okawaru_ov_weapons_minmay, uniq_grinder,
          uniq_edmund
D:7:      lightli_temple_of_fire, st_stairs_6, the_bakery,
          kennysheep_generic_room_9
D:8:      roderic_batcave
D:9:      david_lair_shrubbed, fungi_pond_lemuel
D:10:     erik_orc_3, feat_on_display, uniq_snorg, uniq_sonja, uniq_gastronok

Skill      XL: |  1  2  3  4  5  6  7  8  9 10 |
---------------+-------------------------------+-----
Fire Magic     | 4 5 6 7 9 |  9.9
Spellcasting   | 4 5 6 7 9 11 12 | 12.5
Conjurations   | 2 3 4 5 6 8 9 |  9.1
Stealth        | 3 4 |  4.7
Dodging        | 3 4 |  4.5
Poison Magic   | 1 |  1.6
Ice Magic      | 1 |  1.3
Fighting       | |  0.8
Short Blades   | |  0.8

Action                   |  1- 3 |  4- 6 |  7- 9 | 10-12 || total
-------------------------+-------+-------+-------+-------++-------
Melee: Dagger            |     2 |       |    27 |       ||    29
       Staff             |       |       |     2 |     1 ||     3
 Cast: Flame Tongue      |    56 |   134 |   212 |    52 ||   454
       Conjure Flame     |     2 |     4 |     9 |     3 ||    18
       Throw Flame       |     1 |     3 |    50 |    11 ||    65
       Sting             |       |       |    51 |       ||    51
       Fireball          |       |       |    16 |    11 ||    27
       Freeze            |       |       |     5 |       ||     5
  Use: Scroll            |       |       |    14 |     2 ||    16
       Potion            |       |       |       |     1 ||     1
  Eat: Chunk             |     1 |     7 |    14 |     7 ||    29
Armor: Robe              |     5 |     6 |    22 |    10 ||    43
Dodge: Dodged            |    17 |    22 |    52 |    15 ||   106

Table legend:
 A = Spawn XP
 B = Non-spawn XP
 C = Spawn XP percentage of total XP
 D = Spawn monster count
 E = Non-spawn monster count
 F = Spawn count percentage of total count
 G = Total turns spent on level
                    A         B        C        D         E        F      G
               +---------+---------+-------+---------+---------+-------+---------
         Total |       0 |    9021 |   0.0 |       0 |     207 |   0.0 |  9988
               +---------+---------+-------+---------+---------+-------+---------
           D:1 |       0 |      33 |   0.0 |       0 |      12 |   0.0 |   744
           D:2 |       0 |     290 |   0.0 |       0 |      29 |   0.0 |  1108
           D:3 |       0 |     161 |   0.0 |       0 |      25 |   0.0 |  1106
           D:4 |       0 |     497 |   0.0 |       0 |      19 |   0.0 |   869
           D:5 |       0 |     765 |   0.0 |       0 |      23 |   0.0 |  1406
           D:6 |       0 |    1232 |   0.0 |       0 |      18 |   0.0 |  1142
           D:7 |       0 |    2021 |   0.0 |       0 |      37 |   0.0 |  1369
           D:8 |       0 |    3057 |   0.0 |       0 |      27 |   0.0 |  1216
           D:9 |       0 |     664 |   0.0 |       0 |      16 |   0.0 |   837
          D:10 |       0 |     301 |   0.0 |       0 |       1 |   0.0 |   191
               +---------+---------+-------+---------+---------+-------+---------
